 Dungeon Crawl Stone Soup version 0.21-a0-442-g848f44b (webtiles) character file.

44 tof the Slasher (level 3, -3/33 HPs)
             Began as a Minotaur Berserker on Nov 15, 2017.
             Was a Follower of Trog.
             Slain by an orc
             ... wielding a +2 spear of chaos
              (5 damage)
             ... on level 2 of the Dungeon.
             The game lasted 00:00:50 (1348 turns).

tof the Slasher (Minotaur Berserker)                Turns: 1348, Time: 00:00:50

Health: -3/33      AC:  6    Str: 21    XL:     3   Next: 41%
Magic:  2/2        EV: 10    Int:  4    God:    Trog [*.....]
Gold:   97         SH:  0    Dex: 10    Spells: 2/2 levels left

rFire    . . .     SeeInvis .   a - +0 falchion
rCold    . . .     Gourm    .   (no shield)
rNeg     . . .     Faith    .   g - +0 scale mail (curse)
rPois    .         Spirit   .   (helmet restricted)
rElec    .         Reflect  .   (no cloak)
rCorr    .         Harm     .   (no gloves)
MR       .....                  (no boots)
Stlth    ..........             (no amulet)
HPRegen  0.11/turn              (no ring)
MPRegen  0.08/turn              (no ring)

@: no status effects
A: retaliatory headbutt, horns 2
a: Berserk, Burn Spellbooks, Renounce Religion


You were on level 2 of the Dungeon.
You worshipped Trog.
Trog was aware of your devotion.
You were very hungry.

You visited 1 branch of the dungeon, and saw 2 of its levels.

You collected 97 gold pieces.

Inventory:

Hand Weapons
 a - a +0 falchion (weapon)
Armour
 b - a +0 animal skin
 g - a cursed +0 scale mail (worn)
 o - a cursed +0 leather armour
Scrolls
 e - a scroll of identify {unknown}
 i - a scroll of teleportation {unknown}
Potions
 h - a potion of resistance {unknown}
 j - 3 potions of curing {unknown}
 k - 2 potions of heal wounds {unknown}
 l - a potion of berserk rage {unknown}
 m - a potion of flight {unknown}
 n - a potion of ambrosia {unknown}
Comestibles
 c - a bread ration
 d - a royal jelly
 f - 2 meat rations


   Skills:
 + Level 4.0 Fighting
 * Level 4.4 Long Blades
 + Level 3.0 Armour
 + Level 2.7 Dodging


You had 2 spell levels left.
You didn't know any spells.

Dungeon Overview and Level Annotations

Branches:
Dungeon (2/15)

Altars:
Xom


Innate Abilities, Weirdness & Mutations

You reflexively headbutt those who attack you in melee.
You have a pair of horns on your head.


Message History

The orc is almost dead.
The orc barely misses you.
The orc hits you from afar with a spear of chaos.
* * * LOW HITPOINT WARNING * * *
The orc burns you.
* * * LOW HITPOINT WARNING * * *
You hit the orc.
You kill the orc!
Trog accepts your kill.
The orc hits you from afar with a spear of chaos.
* * * LOW HITPOINT WARNING * * *
The orc freezes you.
* * * LOW HITPOINT WARNING * * *
The orc hits you but does no damage.
Things that are here:
a spear of chaos; an orc corpse You hit the orc.
Your headbutt misses the orc.
The orc is severely wounded.
The orc hits you with a spear of chaos.
You die...

## #..(####### ##
######...########....
'....'..........'....
######...####.###... #
#...# #.# ######(###
##.######
....####..≈#≈.##.⌠.#
....# #..≈≈⌠.≈).⌠#.#
....# .#.≈#..###@#
....# ≈≈.###.≈.)o#≈.#.#
....# ..§..≈##.#≈.#⌠.⌠#
..<.# .#...##≈#..#.#.##
....# .≈≈..##≈≈≈≈.##..#
#...##≈..####≈##≈#⌠..##
#....## #._.≈..###≈##
#.....## ≈#..#⌠#.≈
#......#


You could see an orc.

Vanquished Creatures
  2 adders (D:2)
  A dart slug (D:1)
  2 orcs (D:2)
  4 bats (D:1)
  A giant cockroach (D:1)
  A goblin (D:1)
  3 hobgoblins
  5 kobolds (D:1)
  4 rats
23 creatures vanquished.

Notes
Turn   | Place    | Note
-------+----------+-------------------------------------------
     0 | D:1      | tof the Minotaur Berserker began the quest for the Orb.
     0 | D:1      | Reached XP level 1. HP: 19/19 MP: 0/0
   374 | D:1      | Reached XP level 2. HP: 26/27 MP: 1/1
  1019 | D:2      | Reached XP level 3. HP: 25/33 MP: 2/2
  1342 | D:2      | Found a shimmering altar of Xom.
  1348 | D:2      | Slain by an orc

Vault maps used:
D:1:      dpeg_arrival_solitude, kennysheep_small_spiral,
          kennysheep_minor_cross, st_stairs_1, minmay_misc_feat_four_crosses,
          amethyst_killhole
D:2:      tgw_xom, uniq_crazy_yiuf_cottage, uniq_robin

Skill      XL: |  1  2  3 |
---------------+----------+-----
Long Blades    | 4 |  4.4
Fighting       | 4 |  4.0
Armour         | 3 |  3.0
Dodging        | |  2.7

Action                   || total
-------------------------++-------
Melee: Falchion          ||    65
       Headbutt          ||     8
Armor: Scale mail        ||    33
Dodge: Dodged            ||    36
       Rpst.: Falchion   ||    13

Table legend:
 A = Spawn XP
 B = Non-spawn XP
 C = Spawn XP percentage of total XP
 D = Spawn monster count
 E = Non-spawn monster count
 F = Spawn count percentage of total count
 G = Total turns spent on level
                    A         B        C        D         E        F      G
               +---------+---------+-------+---------+---------+-------+---------
         Total |       0 |      64 |   0.0 |       0 |      23 |   0.0 |  1348
               +---------+---------+-------+---------+---------+-------+---------
           D:1 |       0 |      28 |   0.0 |       0 |      17 |   0.0 |   970
           D:2 |       0 |      36 |   0.0 |       0 |       6 |   0.0 |   378
               +---------+---------+-------+---------+---------+-------+---------
